Cogmind - Beta 11 @@@ ROGUE MODE // 2022.06.24 @ 12:32:19 Player: CreepyD Result: Destroyed by as-94842 with Assembled Heavy Rifle Performance ------------- Evolutions (0) 0 Regions Visited (3) 600 Robots Destroyed (4) 20 Value Destroyed (61) 61 Prototype IDs (0) 0 Alien Tech Used (0) 0 Bonus (0) 0 TOTAL SCORE: 681 Bonus ------- None Cogmind --------- Core Integrity 0/250 Matter 280/300 Energy 42/100 System Corruption 15% Temperature Cool (0) Movement Core (50) Location -10/Exiles Parts ------- > --- POWER (1) -------- (None) > --- PROPULSION (2) --- (None) > --- UTILITY (2) ------ (None) > --- WEAPON (2) ------- (None) > --- INVENTORY (5) ---- Ion Engine Medium Storage Unit High-capacity Matter Pod (51) Medium Laser Heavy Flail Peak State ------------ > --- POWER ------------ Light Nuclear Core > --- PROPULSION ------- Aluminum Leg Aluminum Leg > --- UTILITY ---------- Medium Storage Unit Seismic Detector > --- WEAPON ----------- EM Pulse Cannon Heavy Flail > --- INVENTORY -------- Ion Engine Ion Engine Aluminum Leg Hover Unit Hover Unit Target Analyzer System Shield Medium Laser Assault Rifle [Rating: 14] Favorites ----------- Power Light Nuclear Core Engine Ion Engine Power Core Light Nuclear Core Propulsion Aluminum Leg Leg Aluminum Leg Hover Unit Hover Unit Utility Seismic Detector Device Seismic Detector Storage Medium Storage Unit Processor Target Analyzer Weapon Heavy Flail Energy Gun Medium Laser Energy Cannon EM Pulse Cannon Ballistic Gun Assault Rifle Impact Weapon Heavy Flail Build | -11 -10 -10 -10 ------- Run | Scr Mat Min Exi Slots Evolved . | . . . . Power . | . . . . Propulsion . | . . . . Utility . | . . . . Weapon . | . . . . Parts Attached 17 | 6 1 4 6 Power 3 | 1 . 1 1 Engine 2 | 1 . . 1 Core 1 | . . 1 . Reactor . | . . . . Propulsion 5 | 2 . 1 2 Treads . | . . . . Leg 3 | 2 . 1 . Wheel . | . . . . Hover 2 | . . . 2 Flight . | . . . . Utility 4 | 1 1 . 2 Device 1 | 1 . . . Storage 1 | . 1 . . Processor 1 | . . . 1 Hackware 1 | . . . 1 Protection . | . . . . Artifact . | . . . . Weapon 5 | 2 . 2 1 Energy Gun 1 | 1 . . . Energy Cannon 1 | . . 1 . Ballistic Gun 2 | 1 . . 1 Ballistic Cannon . | . . . . Launcher . | . . . . Special Weapon . | . . . . Impact Weapon 1 | . . 1 . Slashing Weapon . | . . . . Piercing Weapon . | . . . . Special Melee Weapon . | . . . . Unidentified Prototypes . | . . . . Corrupted Parts 3 | . . 2 1 System Corruption 9 | . . 5 4 Parts Lost 11 | . . . 11 Power 2 | . . . 2 Propulsion 4 | . . . 4 Utility 3 | . . . 3 Weapon 2 | . . . 2 Highest Loss Streak 11 | . . . 11 To Critical Strikes 2 | . . . 2 Average Slot Usage (%) 97 | . 86 100 96 Engine 2 | . 14 . . Core 11 | . . 13 12 Leg 27 | . 28 28 26 Device 14 | . 14 14 14 Storage 12 | . 1 14 14 Energy Gun 6 | . 14 5 . Energy Cannon 7 | . . 8 12 Ballistic Gun 6 | . 14 5 1 Impact Weapon 7 | . . 8 12 Naked Turns . | . . . . Heaviest Build 25 | 10 20 25 25 Greatest Support 20 | 20 20 20 20 Greatest Overweight (x) 1 | . . 1 1 Average Overweight (x) . | . . . . Largest Inventory Capacity 10 | 5 10 10 10 Average Capacity 9 | 5 5 10 9 Most Carried 10 | 3 1 10 10 Average Carried 5 | . . 6 9 Final Capacity 10 | 5 10 10 5 Final Carried 10 | . . 10 5 Class Distribution -------------------- 100% | Mutant Dominant Class ---------------- Mutant | -10/Materials Mutant | -10/Mines Mutant | -10/Exiles Resources | -11 -10 -10 -10 ----------- Run | Scr Mat Min Exi Matter Collected 356 | 92 . 264 . Remotely . | . . . . Salvage Created 150 | 29 75 46 . Parts 10 | 4 5 1 . Haulers Intercepted 1 | . 1 . . Recyclers Shooed . | . . . . Parts Field Recycled . | . . . . Retrieved Matter . | . . . . Parts Self-Destructed . | . . . . Prevented . | . . . . Kills | -11 -10 -10 -10 ------- Run | Scr Mat Min Exi Combat Hostiles Destroyed 1 | . . 1 . Guns 1 | . . 1 . Classes Destroyed 4 | 1 2 1 . Builder 1 | . 1 . . Tunneler 1 | 1 . . . Hauler 1 | . 1 . . Grunt 1 | . . 1 . Best Kill Streak 2 | 1 2 1 . Combat Bots Only 1 | . . 1 . Max Kills in Single Turn 1 | 1 1 1 . Gunslinging . | . . . . Exploded . | . . . . Melee . | . . . . Uniques/NPCs Destroyed . | . . . . Combat | -11 -10 -10 -10 -------- Run | Scr Mat Min Exi Damage Taken 1031 | . . 102 929 Core 266 | . . 18 248 Absorbed by Shields . | . . . . Core Remaining (%) 100 | 100 . . . Volleys Fired 12 | 1 4 7 . Largest 2 | 2 2 2 . Hottest 70 | 70 70 70 . Shots Fired 25 | 2 8 14 1 Gun 24 | 2 8 14 . Cannon 1 | . . . 1 Launcher . | . . . . Special . | . . . . Kinetic 12 | 1 4 7 . Thermal 12 | 1 4 7 . Explosive . | . . . . Electromagnetic 1 | . . . 1 Robot Hit Streak 5 | 1 4 5 . Robot Miss Streak 2 | 1 2 2 1 Penetration Max . | . . . . Secondary Targets . | . . . . Shots Hit Robots 14 | 1 4 9 . Core Hits 7 | 1 3 3 . Critical Kills . | . . . . Critical Parts Destroyed . | . . . . Critical Strikes . | . . . . Melee Attacks . | . . . . Impact . | . . . . Slashing . | . . . . Piercing . | . . . . Sneak Attacks . | . . . . Combat Hostiles . | . . . . Follow-up Attacks . | . . . . Damage Inflicted 188 | 13 60 115 . Guns 188 | 13 60 115 . Cannons . | . . . . Explosions . | . . . . Melee . | . . . . Ramming . | . . . . Kinetic 88 | 13 11 64 . Thermal 100 | . 49 51 . Explosive . | . . . . Electromagnetic . | . . . . Impact . | . . . . Slashing . | . . . . Piercing . | . . . . Highest Corruption 15 | . . 5 15 Average Corruption 5 | . . 4 5 Corruption Purged . | . . . . Corruption Blocked . | . . . . Effects 12 | . . 8 4 Message Errors 3 | . . 3 . Matter Fused 3 | . . 2 1 Heat Flow Errors 1 | . . 1 . Data Loss (minor) 2 | . . 1 1 Data Loss (major) 2 | . . 1 1 Misfires 1 | . . . 1 Overload Shots . | . . . . Overflow Damage . | . . . . Projectiles . | . . . . Explosions . | . . . . Melee . | . . . . Knockbacks . | . . . . Impact . | . . . . Kinetic . | . . . . Secondary . | . . . . Self-Inflicted Damage . | . . . . Shots . | . . . . Rammed . | . . . . Targets Rammed . | . . . . Kicked . | . . . . Crushed . | . . . . Highest Temperature 272 | 9 27 272 28 Average Temperature 72 | 6 12 97 18 Received Heat Transfer 72 | . . 72 . Siege Activations . | . . . . Robots Corrupted . | . . . . Combat Hostiles . | . . . . Parts Fried . | . . . . Impact Corruptions . | . . . . Robots Melted . | . . . . Combat Hostiles . | . . . . Parts Melted . | . . . . Heat Transferred 296 | . 148 148 . Parts Sabotaged . | . . . . Parts Stolen . | . . . . Parts Stripped . | . . . . Power Chain Reactions . | . . . . Missiles Intercepted . | . . . . Alert | -11 -10 -10 -10 ------- Run | Scr Mat Min Exi Peak Influence 35 | 5 15 35 . Initial 5 | . 3 5 . Average 18 | 2 6 22 . Maximum Alert Level . | . . . . Low Security (%) 100 | 100 100 100 . Level 1 . | . . . . Level 2 . | . . . . Level 3 . | . . . . Level 4 . | . . . . Level 5 . | . . . . High Security . | . . . . Max Security . | . . . . Squads Dispatched 1 | . 1 . . Investigation . | . . . . Extermination . | . . . . Reinforcement 1 | . 1 . . Assault . | . . . . Garrison . | . . . . Intercept . | . . . . Searches Triggered . | . . . . Construction Impeded . | . . . . Haulers Reinforced . | . . . . Active Scanning Responses . | . . . . Cargo Convoy Interrupts . | . . . . Stealth | -11 -10 -10 -10 --------- Run | Scr Mat Min Exi Distress Signals 1 | . 1 . . Communications Jammed . | . . . . Distress Signals . | . . . . Times Spotted 12 | . 2 2 8 Peak Tracking Total 9 | . 4 2 9 Tactical Retreats . | . . . . Traps | -11 -10 -10 -10 ------- Run | Scr Mat Min Exi Traps Triggered . | . . . . Indirectly . | . . . . Trap Hack Attempts . | . . . . Triggered . | . . . . Disarmed . | . . . . Reprogrammed . | . . . . Reused . | . . . . Traps Extracted . | . . . . Installed . | . . . . Triggered . | . . . . Machines | -11 -10 -10 -10 ---------- Run | Scr Mat Min Exi Machines Disabled . | . . . . Max in Single Turn . | . . . . Machines Sabotaged . | . . . . Garrisons Compromised . | . . . . Overloaded Fab Kills . | . . . . Hacking | -11 -10 -10 -10 --------- Run | Scr Mat Min Exi Machines Accessed 2 | . 1 1 . Terminals 1 | . 1 . . Fabricators . | . . . . Repair Stations . | . . . . Recycling Units . | . . . . Scanalyzers . | . . . . Garrison Access . | . . . . Total Hacks 3 | . 2 1 . Successful 1 | . . 1 . Failed 2 | . 2 . . Catastrophic . | . . . . Database Lockouts . | . . . . Manual 2 | . 2 . . Terminals 2 | . 2 . . Fabricators . | . . . . Repair Stations . | . . . . Recycling Units . | . . . . Scanalyzers . | . . . . Garrison Access . | . . . . Terminal Hacks 1 | . . 1 . Open Door 1 | . . 1 . Fabricator Hacks . | . . . . Repair Station Hacks . | . . . . Recycling Unit Hacks . | . . . . Scanalyzer . | . . . . Garrison Access Hacks . | . . . . Unauthorized Hacks . | . . . . Terminals . | . . . . Fabricators . | . . . . Repair Stations . | . . . . Recycling Units . | . . . . Scanalyzers . | . . . . Garrison Access . | . . . . Data Cores Recovered . | . . . . Used . | . . . . Hacking Detections 1 | . 1 . . Full Trace Events . | . . . . Feedback Events . | . . . . Feedback Blocked . | . . . . Robot Schematics Acquired . | . . . . Robots Built . | . . . . Authchips . | . . . . Time . | . . . . Total Robot Build Rating . | . . . . Part Schematics Acquired . | . . . . Parts Built . | . . . . Authchips . | . . . . Time . | . . . . Total Part Build Rating . | . . . . Parts Repaired . | . . . . Time . | . . . . Parts Recycled . | . . . . Recycled Matter . | . . . . Retrieved Matter . | . . . . Retrieved Components . | . . . . Parts Scanalyzed . | . . . . Part Schematics Acquired . | . . . . Parts Damaged . | . . . . Bothacking | -11 -10 -10 -10 ------------ Run | Scr Mat Min Exi Used RIF Installer . | . . . . Robots Hacked . | . . . . Non-combat . | . . . . Combat . | . . . . Robot Hacks Applied . | . . . . Relay Couplers Released . | . . . . Fabnet Peak Effective % . | . . . . Robots Rewired . | . . . . Allies Hacked . | . . . . Hacks Repelled . | . . . . Allies | -11 -10 -10 -10 -------- Run | Scr Mat Min Exi Total Allies . | . . . . Largest Group . | . . . . Highest-Rated Group . | . . . . Highest-Rated Ally . | . . . . Total Orders . | . . . . Ally Attacks . | . . . . Total Damage . | . . . . Kills . | . . . . Allies Corrupted . | . . . . Allies Melted . | . . . . Intel | -11 -10 -10 -10 ------- Run | Scr Mat Min Exi Robot Analysis Total . | . . . . Derelict Logs Recovered 1 | . . 1 . Drone Launches . | . . . . Drone Recoveries . | . . . . Exploration | -11 -10 -10 -10 ------------- Run | Scr Mat Min Exi Turns Passed 888 | 61 106 605 116 Spaces Moved 544 | 43 76 367 58 Core 10 | 9 . . 1 Treads . | . . . . Legs 533 | 34 76 367 56 Wheels . | . . . . Hover 1 | . . . 1 Flight . | . . . . Fastest Speed 50 | 50 120 120 100 Average Speed 149 | 105 120 155 185 Slowest Speed 190 | 120 120 190 190 Overloaded Moves . | . . . . Propulsion Burnouts . | . . . . Robots Hopped . | . . . . Cave-ins Triggered . | . . . . Exploration Rate (%) 32 | 4 24 90 11 Regions Visited 3 Branch Regions 2 Pre-discovered Areas 2 | . . 2 . Known Exits Taken . | . . . . Unknown Exits Taken 3 | 1 1 1 . Scrap Searched 1 | . . 1 . Spaces Dug . | . . . . Terrain Destroyed . | . . . . Melee . | . . . . Projectile . | . . . . AOE . | . . . . Terrain Rammed . | . . . . Walls Destroyed . | . . . . Machines Disabled . | . . . . Actions | -11 -10 -10 -10 --------- Run | Scr Mat Min Exi Total 591 | 56 83 387 65 Wait 3 | 1 2 . . Move 541 | 42 75 366 58 Hop . | . . . . Pick Up 18 | 6 1 10 1 Fast Attach . | . . . . Attach 11 | 6 1 . 4 Detach . | . . . . Swap 6 | . . 4 2 Drop . | . . . . Fire 12 | 1 4 7 . Melee . | . . . . Ram . | . . . . Kick . | . . . . Crush . | . . . . Escape Stasis . | . . . . Rewire . | . . . . Trap . | . . . . Miscellaneous . | . . . . Route ------- -11/Scrapyard -10/Materials -10/Mines -10/Exiles (discovered 1 exit: [*Min]) History --------- Turn | Location | Event 13 | -11/Scrapyard | Discovered new exit (range 14) 62 | -11/Scrapyard | Entered Materials 147 | -10/Materials | Discovered new exit (range 8) 168 | -10/Materials | Entered Mines 283 | -10/Mines | Learned location of Storage (-7) 318 | -10/Mines | Build established: Mutant 402 | -10/Mines | Met a Derelict who couldn't figure out how to use a Trap Extractor 449 | -10/Mines | Learned location of Recycling (-7) 761 | -10/Mines | Deemed a non-threat by the Exiles lab entrance 763 | -10/Mines | Discovered new exit (range 5) 773 | -10/Mines | Entered Exiles 813 | -10/Exiles | Discovered new exit (range 15) 851 | -10/Exiles | Met 8R-AWN 859 | -10/Exiles | Attacked by the Exiles 883 | -10/Exiles | Core integrity fell below 50% 886 | -10/Exiles | System corruption reached 10% 887 | -10/Exiles | Core integrity fell below 20% 889 | -10/Exiles | Destroyed by as-94842 with Assembled Heavy Rifle Last Messages --------------- 00885_ Assault Rifle destroyed. 00885_ Integrated Corrupted System Shield (+4). 00885_ Hover Unit destroyed. 00885_ System Shield destroyed. 00885_ System corrupted by crushing effect (+1). 00885_ System corrupted by crushing effect (+4). 00885_ Penetrated by HV Slug. 00885_ HV Slug penetrates Wall. 00885_ Penetrated by HV Slug. 00885_ HV Slug penetrates Wall. 00887_ Penetrated by HV Slug. 00887_ Seismic Detector destroyed. 00887_ HV Slug penetrates Wall. 00887_ Penetrated by HV Slug. 00887_ HV Slug penetrates Wall. 00888_ Target Analyzer destroyed. 00888_ System corrupted by crushing effect (+1). 00888_ Acquired Hvy. Flail. 00889_ System corrupted: Substantial component data lost. 00889_ Ion Engine destroyed. Map ----- +----------------------------------------------------+ | ?????????????????????????????????????????????????? | | ?????????????????????????????????????????????????? | | ?????????????????????????????????????????????????? | | ?????????????????????????????????????????????????? | | ?????????????????????????????????????????????????? | | ?????????????????????????????????????????????????? | | ?????????????????????????????????????????????????? | | ?????????????????????????????????????????????????? | | ?????????????????????????????????????????????????? | | ?????????????????????????????????????????????????? | | ?????????????????????????????????????????????????? | | ?????????????????????????????????????????????????? | | ?????????????????????????????????###?????????????? | | ????????????????????????????????# #?????????????? | | ???????????????????????????????# #?????????????? | | ??????????????????????????????? < #?????????????? | | ??????????????????????????????? #?????????????? | | ??????????????????????????????? ??????????????? | | ?????????????????????????????## #??????????????? | | ????????????????????????????## ##?????????????? | | ????????????????????????????# #?????????????? | | ????????####????????????????# #?????????????? | | ???????##" ???????????????## #?????????????? | | ???????#" ??????????????## #???????????????? | | ??????##" ##???????###### #???????????????? | | ????### ######### #;@# "#???????????????? | | ????# ##"""; ;;aa "#???????????????? | | ????# #a a ; a ###???????????????? | | ???# g ##????????????????? | | ## aa #????????????????? | | ???## ##???????????????? | | ?????#""" "##;# ###?????????????? | | ???????#########;### * ###???????????? | | ?????????????????## ###### ##??????????? | | ????????????????????##????### #??????????? | | ????????????????????????????### #??????????? | | ??????????????????????????????### #??????????? | | ???????????????????????????????#" ##?????????? | | ???????????????????????????????#### ###???????? | | ??????????????????????????????????# ##??????? | | ??????????????????????????????????## ###????? | | ???????????????????????????????????### #????? | | ?????????????????????????????????????# ##????? | | ?????????????????????????????????????## ##?????? | | ??????????????????????????????????????#####??????? | | ?????????????????????????????????????????????????? | | ?????????????????????????????????????????????????? | | ?????????????????????????????????????????????????? | | ?????????????????????????????????????????????????? | | ?????????????????????????????????????????????????? | +----------------------------------------------------+ Best States ------------- Heat Dissipation 25 Energy Generation 14 Energy Capacity 250 Matter Stores 300 Matter Capacity 300 Sight Range 16 Terrain Scan Density 10 Evasion (%) 55 Item Schematics ----------------- None Robot Schematics ------------------ None Fabricated ------------ Nothing Alien Tech Used ----------------- None Achievements -------------- None Challenges ------------ None Game ------ Seed SigixCooledRigger Manual? 0 Play Time 00:06:36 Cumulative 131.6 hours Start 2022.06.24 @ 12:26:55 End 2022.06.24 @ 12:32:19 Sessions 1 Manual Loads 0 Difficulty Rogue Special Mode None Game No. 125 Rogue 124 Adventurer 1 Explorer 0 Win Type - Total 1 Types 1/0/0/0/0/0/0/0/0 Lore% 45 Gallery% 63 Achievement% 47 Wizard Run 0 Options --------- ASCII 0 Keyboard 0 Movement Mouse Keybinds 0 Fullscreen 0 Font 18/SmallcapsGlow Map View 76x50 Tactical HUD 1 Map Filters NONE Filters NONE Steam X RUN: 9428ea74-a799-4330-9553-962c86f4df82